 Dungeon Crawl Stone Soup version 0.17.1-3-g152610e (webtiles) character file.

258 Gargoyl the Skirmisher (level 5, -2/42 HPs)
             Began as a Demonspawn Abyssal Knight on Mar 23, 2016.
             Was a Priest of Lugonu.
             Killed by nerve-wracking pain
             ... invoked by an orc priest
              (6 damage)
             ... on level 5 of the Dungeon.
             The game lasted 00:07:30 (4849 turns).

Gargoyl the Skirmisher (Demonspawn Abyssal Knight)  Turns: 4849, Time: 00:07:31

Health: -2/42      AC:  7    Str: 14      XL:     5   Next: 94%
Magic:  7/7        EV: 10    Int: 10 (13) God:    Lugonu [***...]
Gold:   195        SH:  0    Dex: 14      Spells: 0 memorised, 4 levels left

rFire  . . .     SeeInvis .     l - +0 war axe
rCold  . . .     Clarity  .     b - +1 scale mail
rNeg   . . .     SustAt   .     (no shield)
rPois  +         Gourm    .     (helmet restricted)
rElec  .         Spirit   .     (no cloak)
rCorr  .         Warding  .     (no gloves)
rMut   .         Stasis   .     (no boots)
MR     .....                    (no amulet)
Stlth  ..........               (no ring)
                                c - ring of poison resistance

@: not resistant to hostile enchantments, extremely unstealthy
A: horns 1, agile 1
a: Depart the Abyss, Bend Space, Banish, Renounce Religion


You were on level 5 of the Dungeon.
You worshipped Lugonu.
Lugonu was most pleased with you.
You were not hungry.

You visited 1 branch of the dungeon, and saw 5 of its levels.
You visited the Abyss 1 time.

You collected 195 gold pieces.

Inventory:

Hand Weapons
 l - a +0 war axe (weapon)
Missiles
 o - 10 tomahawks (quivered)
Armour
 b - a +1 scale mail (worn)
Jewellery
 c - a ring of poison resistance (left hand)
 m - an uncursed amulet of resist mutation {unknown}
 r - a cursed ring of loudness {unknown}
Wands
 h - a wand of slowing (48)
Scrolls
 d - a scroll of identify
 e - 2 scrolls of teleportation {unknown}
 n - a scroll of noise {unknown}
Potions
 g - a potion of degeneration
 i - 2 potions of curing
Comestibles
 a - a slice of pizza
 f - a meat ration
 p - 3 bread rations
 q - 2 beef jerkies


   Skills:
 + Level 3.7 Fighting
 + Level 2.9 Axes
 + Level 3.6 Armour
 + Level 2.5 Dodging
 + Level 0.2 Stealth
 + Level 3.0 Invocations


You had 4 spell levels left.
You didn't know any spells.

Dungeon Overview and Level Annotations

Branches:
Dungeon (5/15)
 Temple: D:4-7

Altars:
Dithmenos
Gozag
Ru
Sif Muna

Annotations:
D:3 Kiel97's ghost, amateur TeMo


Innate Abilities, Weirdness & Mutations

You have a pair of small horns on your head.
You are agile. (Dex +2)


Message History

The orc priest looks braver for a moment.
You hit the orc priest but do no damage.
The orc priest is moderately wounded.
The orc priest calls down the wrath of Beogh upon you.
Something smites you!
The orc priest casts a cantrip, but nothing happens.
Unknown command.
Drink which item? (? for menu, Esc to quit)
It was a potion of beneficial mutation.
You feel agile.
You feel fantastic! The orc priest hits you with a dagger.
* * * LOW HITPOINT WARNING * * *
Drink which item? (? for menu, Esc to quit)
You feel better.
The orc priest mumbles some strange prayers to Beogh against you.
Something smites you!
* * * LOW HITPOINT WARNING * * *
The orc priest mumbles some strange prayers to Beogh against you.
Pain shoots through your body!
You die... ... ... #># #.##.# ##.##.# ooo...

#o##.# ##@##.#
#..##.#
#.###.#########
#.# #.........#
#># #.#######.#
#.# #.# #<# #.#
#.##### #.# #.#
#.....# #.#
#.###.###.# #.#


You could see 3 orc priests and an orc.

Vanquished Creatures
  An orc priest (D:4)
  An iguana (D:3)
  A worker ant (D:5)
  8 adders
  An ooze (D:3)
  An adder zombie (D:5)
  4 giant geckos
  6 orcs
  2 ball pythons
  2 goblins
  14 hobgoblins
  10 jackals
  A quokka (D:2)
  13 bats
  4 giant cockroaches
  2 giant newts
  11 kobolds
  A quokka skeleton (D:4)
  7 rats
90 creatures vanquished.

Notes
Turn   | Place    | Note
--------------------------------------------------------------
     0 | Abyss:1  | Gargoyl the Demonspawn Abyssal Knight began the quest for the Orb.
     0 | Abyss:1  | Reached XP level 1. HP: 18/18 MP: 2/2
    58 | Abyss:1  | Noticed a spatial maelstrom
    59 | Abyss:1  | Noticed a spatial vortex
    62 | D:1      | Escaped the Abyss
   741 | D:1      | Reached * piety under Lugonu
   741 | D:1      | Gained mutation: You have a pair of small horns on your head. [demonic ancestry]
   741 | D:1      | Reached XP level 2. HP: 24/24 MP: 3/3
   753 | D:1      | Reached skill level 1 in Dodging
  1010 | D:1      | Reached XP level 3. HP: 29/29 MP: 5/5
  1484 | D:2      | Reached ** piety under Lugonu
  1590 | D:2      | Found a deep blue altar of Sif Muna.
  1678 | D:2      | Reached XP level 4. HP: 35/35 MP: 6/6
  2013 | D:3      | Noticed Kiel97's ghost (amateur TeMo)
  2776 | D:3      | HP: 1/35 [iguana (4)]
  2777 | D:3      | Reached XP level 5. HP: 1/41 MP: 7/7
  4573 | D:4      | Found an opulent altar of Gozag.
  4581 | D:4      | Found a sacrificial altar of Ru.
  4583 | D:4      | Found a shadowy altar of Dithmenos.
  4643 | D:5      | Entered Level 5 of the Dungeon
  4659 | D:5      | Reached *** piety under Lugonu
  4848 | D:5      | Gained mutation: You are agile. (Dex +2) [potion of beneficial mutation]
  4849 | D:5      | Killed from afar by an orc priest

Action                   |  1- 3 |  4- 6 || total
-------------------------+-------+-------++-------
Melee: Hand axe          |   115 |   133 ||   248
       War axe           |       |    66 ||    66
Invok: Depart the Abyss  |     1 |       ||     1
  Use: Potion            |       |     3 ||     3
       Scroll            |       |     5 ||     5
  Eat: Bread ration      |     1 |     1 ||     2
       Chunk             |     1 |     1 ||     2
       Fruit             |       |     5 ||     5
